Map: Deathaura LE

Players

Dream

  • Race: Terran Terran
  • Spawn Location: 11:00

Zest - Winner!

  • Race: Protoss Protoss
  • Spawn Location: 5:00

Event: IEM Katowice 2021

VOD

Have the link to the VOD?

Description

Time

  • Played on: Feb. 24, 2021, 9:11 a.m.
  • Length: 6:30

All games in this series

Show
View Real Time Build Order
Export as new Build Order

Dream Terran 

Build Orders:  

Get SALT Encoding   

  12  0:00  SCV  
  13  0:12  SCV  
  14  0:17  Supply Depot  
  14  0:24  SCV  
  15  0:38  SCV  
  15  0:40  Barracks  
  16  0:43  Refinery  
  16  0:50  SCV  
  17  1:02  SCV  
  18  1:14  Supply Depot  
  18  1:17  SCV  
  19  1:31  Marine  
  20  1:33  Bunker  
  20  1:34  Orbital Command  
  19  1:49  Marine  
  16  2:03  SCV  
  16  2:07  Marine  
  16  2:17  SCV  
  17  2:29  SCV  
  18  2:41  SCV, Marine  
  19  2:49  Factory  
  19  2:53  SCV  
  20  2:59  Marine  
  20  3:05  SCV  
  21  3:17  SCV, Marine  
  21  3:18  Supply Depot  
  19  3:34  Factory Tech Lab  
  19  3:37  Supply Depot  
  18  3:56  Cyclone  
  18  3:58  Orbital Command  
  19  4:33  SCV  
  19  4:38  Refinery  
  21  4:45  SCV  
  21  4:53  Marine  
  21  4:54  Hellion  
  21  4:57  SCV  
  23  5:09  SCV  
  23  5:13  Marine  
  25  5:17  Widow Mine  
  27  5:22  SCV  
  27  5:24  Supply Depot  
  26  5:34  SCV  
  26  5:36  Supply Depot  
  26  5:46  SCV  
  27  5:58  SCV  
  31  6:04  Bunker  
  31  6:07  Supply Depot  
  31  6:08  Marine  
  31  6:10  SCV  
Show
View Real Time Build Order
Export as new Build Order

Zest Protoss - Winner!

Build Orders:  

Get SALT Encoding   

  12  0:00  Probe  
  13  0:12  Probe  
  14  0:17  Pylon  
  14  0:24  Probe  
  15  0:37  Forge  
  15  0:38  Probe  
  16  0:54  Pylon  
  16  1:12  Photon Cannon x2  
  16  1:30  Pylon  
  15  1:36  Probe  
  16  1:48  Probe  
  17  2:00  Gateway, Probe  
  18  2:11  Pylon  
  17  2:35  Photon Cannon  
  17  2:40  Photon Cannon  
  17  2:43  Photon Cannon  
  17  2:44  Photon Cannon  
  17  2:45  Pylon  
  17  2:46  Photon Cannon  
  17  2:59  Photon Cannon  
  17  3:03  Probe (Chrono Boost)  
  17  3:08  Assimilator  
  17  3:10  Assimilator  
  18  3:14  Probe (Chrono Boost)  
  18  3:20  Probe  
  18  3:21  Cybernetics Core  
  19  3:32  Probe (Chrono Boost)  
  21  3:41  Probe (Chrono Boost)  
  21  3:46  Probe (Chrono Boost)  
  22  3:55  Warp Gate (Chrono Boost)  
  22  3:57  Stalker (Chrono Boost)  
  22  3:58  Probe (Chrono Boost)  
  22  4:00  Gateway  
  26  4:10  Probe (Chrono Boost)  
  26  4:15  Probe (Chrono Boost)  
  27  4:23  Stalker (Chrono Boost)  
  29  4:42  Nexus  
  29  4:50  Stalker  
  31  4:57  Stalker  
  33  5:05  Pylon  
  33  5:15  Probe  
  34  5:27  Probe  
  35  5:38  Stalker x2  
  35  5:40  Gateway  
  39  5:50  Twilight Council  
  39  5:56  Probe  
  40  6:01  Stalker  
  40  6:02  Stalker  
  44  6:14  Probe  

Tags
 
Add a new tag
Caveats
  • Supply blocks, unpowered buildings, or Contaminate may cause inaccurate times.
  • Supply counts are checked every 10 seconds.